TOP OF THE 1ST |
Gresham Gold Souls batting - Pitching for Vancouver Vipers : RHP Diego González
|
Pitching: RHP Diego González
|
|
Batting: LHB Bill Smith
|
0-0: Swinging Strike 0-1: DOUBLE (Line Drive, 89M)
|
Batting: RHB Pablo Castillo
|
0-0: Foul Ball, location: 2F 0-1: Ball 1-1: Ground out 1-3 (Groundball, 13) Bill Smith to third
|
Batting: RHB Peter Hensley
|
0-0: Called Strike 0-1: Foul Ball, location: 2F 0-2: Ball 1-2: Ball 2-2: Strikes out swinging
|
Batting: RHB Mario Méndez
|
0-0: Called Strike 0-1: Foul Ball, location: 2F 0-2: Ball 1-2: Foul Ball, location: 2F 1-2: Ball 2-2: Strikes out swinging
|
Top of the 1st over - 0 run(s), 1 hit(s), 0 error(s), 1 left on base; Gresham 0 - Vancouver 0 |
BOTTOM OF THE 1ST |
Vancouver Vipers batting - Pitching for Gresham Gold Souls : LHP Francisco Nieto
|
Pitching: LHP Francisco Nieto
|
|
Batting: RHB Víctor Arredondo
|
0-0: Ball 1-0: Called Strike 1-1: Ball 2-1: Foul Ball, location: 2F 2-2: Ball 3-2: SINGLE (Groundball, 6D)
|
Batting: RHB Sergio Pujols
|
0-0: Ball 1-0: Foul Ball, location: 2F 1-1: Ball 2-1: Ball 3-1: Base on Balls Víctor Arredondo to second
|
Batting: LHB Benny Richard
|
0-0: Ball 1-0: Ball 2-0: Called Strike 2-1: Foul Ball, location: 2F 2-2: Foul Ball, location: 2F 2-2: Foul Ball, location: 2F 2-2: Fielders Choice at 2nd, 3-6 (Groundball, 34) Víctor Arredondo to third
|
Batting: RHB Daniel Robert
|
0-0: Ball 1-0: Ball 2-0: Ball 3-0: Base on Balls Benny Richard to second
|
Batting: RHB Bill Little
|
0-0: Ball 1-0: Fly out, F9 (Flyball, 9D) Runner from 3rd tags up, SCORES, no throw
|
Batting: LHB Brian Ford
|
0-0: Called Strike 0-1: Foul Ball, location: 2F 0-2: Foul Ball, location: 2F 0-2: Fly out, F8 (Line Drive, 8RM)
|
Bottom of the 1st over - 1 run(s), 1 hit(s), 0 error(s), 2 left on base; Gresham 0 - Vancouver 1 |
TOP OF THE 2ND |
Gresham Gold Souls batting - Pitching for Vancouver Vipers : RHP Diego González
|
Batting: RHB Gabriel Miranda
|
0-0: Ball 1-0: Ball 2-0: SOLO HOME RUN (Flyball, 7D), Distance : 391 ft
|
Batting: RHB Matt Davidson
|
0-0: Called Strike 0-1: Ball 1-1: Fly out, F9 (Line Drive, 9LM)
|
Batting: SHB Todd Smith
|
0-0: Ball 1-0: Ball 2-0: Ball 3-0: Called Strike 3-1: SINGLE (Line Drive, 4MD)
|
Batting: RHB Brian Dixon
|
0-0: Called Strike 0-1: Ball 1-1: Ball 2-1: Foul Ball, location: 2F 2-2: SINGLE (Line Drive, 78M) Todd Smith to second
|
Batting: RHB Gustavo Pagán
|
0-0: Ball 1-0: Called Strike 1-1: Foul Ball, location: 2F 1-2: Foul Ball, location: 2F 1-2: Ball 2-2: Foul Ball, location: 2F 2-2: Ball 3-2: Strikes out swinging
|
Batting: LHB Bill Smith
|
0-0: Fly out, F8 (Flyball, 78M)
|
Top of the 2nd over - 1 run(s), 3 hit(s), 0 error(s), 2 left on base; Gresham 1 - Vancouver 1 |
BOTTOM OF THE 2ND |
Vancouver Vipers batting - Pitching for Gresham Gold Souls : LHP Francisco Nieto
|
Batting: SHB Joey Boyd
|
0-0: Ball 1-0: Ball 2-0: Ground out 5-3 (Groundball, 56S)
|
Batting: RHB Steve Bender
|
0-0: Foul Ball, location: 2F 0-1: Foul Ball, location: 2F 0-2: Foul Ball, location: 2F 0-2: Ball 1-2: Ball 2-2: Foul Ball, location: 2F 2-2: SINGLE (Groundball, 6D)
|
Batting: RHB David Canseco
|
0-0: Called Strike 0-1: Ball 1-1: Called Strike 1-2: Strikes out swinging
|
Batting: RHB Víctor Arredondo
|
0-0: SINGLE (Line Drive, 56D) Steve Bender to second
|
Batting: RHB Sergio Pujols
|
0-0: Ball 1-0: Ball 2-0: Called Strike 2-1: Foul Ball, location: 2F 2-2: Fly out, F9 (Flyball, 9LD)
|
Bottom of the 2nd over - 0 run(s), 2 hit(s), 0 error(s), 2 left on base; Gresham 1 - Vancouver 1 |
TOP OF THE 3RD |
Gresham Gold Souls batting - Pitching for Vancouver Vipers : RHP Diego González
|
Batting: RHB Pablo Castillo
|
0-0: Ball 1-0: Called Strike 1-1: Ball 2-1: Ball 3-1: Fly out, F6 (Line Drive, 6M)
|
Batting: RHB Peter Hensley
|
0-0: Fly out, F8 (Flyball, 8LXD)
|
Batting: RHB Mario Méndez
|
0-0: Foul Ball, location: 2F 0-1: Swinging Strike 0-2: Ball 1-2: Ball 2-2: Ball 3-2: Strikes out swinging
|
Top of the 3rd over - 0 run(s), 0 hit(s), 0 error(s), 0 left on base; Gresham 1 - Vancouver 1 |
BOTTOM OF THE 3RD |
Vancouver Vipers batting - Pitching for Gresham Gold Souls : LHP Francisco Nieto
|
Batting: LHB Benny Richard
|
0-0: Ball 1-0: Foul Ball, location: 2F 1-1: Called Strike 1-2: Ball 2-2: Strikes out swinging
|
Batting: RHB Daniel Robert
|
0-0: Foul Ball, location: 2F 0-1: Fly out, F9 (Flyball, 9)
|
Batting: RHB Bill Little
|
0-0: Called Strike 0-1: Ball 1-1: Ground out 5-3 (Groundball, 56)
|
Bottom of the 3rd over - 0 run(s), 0 hit(s), 0 error(s), 0 left on base; Gresham 1 - Vancouver 1 |
TOP OF THE 4TH |
Gresham Gold Souls batting - Pitching for Vancouver Vipers : RHP Diego González
|
Batting: RHB Gabriel Miranda
|
0-0: Ball 1-0: Foul Ball, location: 2F 1-1: Called Strike 1-2: Ball 2-2: Strikes out swinging
|
Batting: RHB Matt Davidson
|
0-0: Ball 1-0: Swinging Strike 1-1: Foul Ball, location: 2F 1-2: Strikes out swinging
|
Batting: SHB Todd Smith
|
0-0: Called Strike 0-1: Hit by Pitch
|
Batting: RHB Brian Dixon
|
0-0: Fly out, F9 (Flyball, 9LM)
|
Top of the 4th over - 0 run(s), 0 hit(s), 0 error(s), 1 left on base; Gresham 1 - Vancouver 1 |
BOTTOM OF THE 4TH |
Vancouver Vipers batting - Pitching for Gresham Gold Souls : LHP Francisco Nieto
|
Batting: LHB Brian Ford
|
0-0: Ball 1-0: Called Strike 1-1: Ball 2-1: Foul Ball, location: 2F 2-2: SINGLE (Groundball, 34D)
|
Batting: SHB Joey Boyd
|
0-0: Called Strike 0-1: Swinging Strike 0-2: Foul Ball, location: 2F 0-2: Ball 1-2: Ground out 5-3 (Groundball, 56S) Brian Ford to second
|
Batting: RHB Steve Bender
|
0-0: Called Strike 0-1: Ground out 5-3 (Groundball, 56)
|
Batting: RHB David Canseco
|
0-0: Ball 1-0: Foul Ball, location: 2F 1-1: Ball 2-1: SINGLE (Groundball, 6S) (infield hit) Brian Ford to third
|
Batting: RHB Víctor Arredondo
|
0-0: Fielders Choice at 2nd, 5-4 (Groundball, 5L)
|
Bottom of the 4th over - 0 run(s), 2 hit(s), 0 error(s), 1 left on base; Gresham 1 - Vancouver 1 |
TOP OF THE 5TH |
Gresham Gold Souls batting - Pitching for Vancouver Vipers : RHP Diego González
|
Batting: RHB Gustavo Pagán
|
0-0: Called Strike 0-1: Ball 1-1: Fly out, F4 (Line Drive, 4)
|
Batting: LHB Bill Smith
|
0-0: Ball 1-0: Called Strike 1-1: Swinging Strike 1-2: Ball 2-2: Ball 3-2: Base on Balls
|
Batting: RHB Pablo Castillo
|
0-0: Called Strike 0-1: Ball 1-1: SINGLE (Flyball, 78S) Bill Smith to second
|
Batting: RHB Peter Hensley
|
0-0: SINGLE (Groundball, 56D) Bill Smith to third Pablo Castillo to second Runner from 3rd tries for Home, SAFE, throw made home Pablo Castillo to third Peter Hensley to second
|
Batting: RHB Mario Méndez
|
0-0: DOUBLE (Line Drive, 78D) Pablo Castillo scores Peter Hensley scores
|
Batting: RHB Gabriel Miranda
|
0-0: Called Strike 0-1: SINGLE (Flyball, 89M) Mario Méndez to third
|
Batting: RHB Matt Davidson
|
0-0: Called Strike 0-1: Ball 1-1: Ball 2-1: Ball 3-1: Called Strike 3-2: Strikes out swinging
|
Batting: SHB Todd Smith
|
0-0: Called Strike 0-1: Swinging Strike 0-2: Ground out 1-3 (Groundball, 13S)
|
Top of the 5th over - 3 run(s), 4 hit(s), 0 error(s), 2 left on base; Gresham 4 - Vancouver 1 |
BOTTOM OF THE 5TH |
Vancouver Vipers batting - Pitching for Gresham Gold Souls : LHP Francisco Nieto
|
Batting: RHB Sergio Pujols
|
0-0: Called Strike 0-1: Ball 1-1: Ball 2-1: Ball 3-1: SINGLE (Line Drive, 6MD)
|
Batting: LHB Benny Richard
|
0-0: Foul Ball, location: 2F 0-1: Foul Ball, location: 2F 0-2: Ball 1-2: Ground out 4-3 (Groundball, 34D) Sergio Pujols to second
|
Pitching: RHP Paul Miller
|
|
Batting: RHB Daniel Robert
|
0-0: Ball 1-0: Ball 2-0: Ball 3-0: Base on Balls
|
Batting: RHB Bill Little
|
0-0: Called Strike 0-1: Called Strike 0-2: Hit by Pitch Sergio Pujols to third Daniel Robert to second
|
Batting: LHB Brian Ford
|
0-0: Called Strike 0-1: Foul Ball, location: 2F 0-2: Fly out, F6 (Popup, 6D)
|
Batting: SHB Joey Boyd
|
0-0: Swinging Strike 0-1: Ball 1-1: Ball 2-1: Called Strike 2-2: Strikes out swinging
|
Bottom of the 5th over - 0 run(s), 1 hit(s), 0 error(s), 3 left on base; Gresham 4 - Vancouver 1 |
TOP OF THE 6TH |
Gresham Gold Souls batting - Pitching for Vancouver Vipers : RHP Diego González
|
Batting: RHB Brian Dixon
|
0-0: Ball 1-0: Ball 2-0: Ball 3-0: Called Strike 3-1: Foul Ball, location: 2F 3-2: SINGLE (Groundball, 6) (infield hit)
|
Pitching: RHP Pedro Días
|
|
Batting: RHB Gustavo Pagán
|
0-0: Ball 1-0: Called Strike 1-1: Called Strike 1-2: Ball 2-2: Ball 3-2: Foul Ball, location: 2F 3-2: Strikes out looking
|
Batting: LHB Bill Smith
|
0-0: Ball 1-0: Called Strike 1-1: Swinging Strike 1-2: Strikes out swinging
|
Batting: RHB Pablo Castillo
|
0-0: Ball 1-0: Ball 2-0: Foul Ball, location: 2F 2-1: Called Strike Brian Dixon steals 2nd base 2-2: Foul Ball, location: 2F 2-2: 2-RUN HOME RUN (Flyball, 78XD), Distance : 409 ft
|
Batting: RHB Peter Hensley
|
0-0: Ball 1-0: Reached on error, E5 (Groundball, 5)
|
Batting: RHB Mario Méndez
|
0-0: Ball 1-0: Foul Ball, location: 2F 1-1: Called Strike 1-2: Strikes out swinging
|
Top of the 6th over - 2 run(s), 2 hit(s), 1 error(s), 1 left on base; Gresham 6 - Vancouver 1 |
BOTTOM OF THE 6TH |
Vancouver Vipers batting - Pitching for Gresham Gold Souls : RHP Paul Miller
|
Batting: RHB Steve Bender
|
0-0: SINGLE (Groundball, 56D)
|
Batting: RHB David Canseco
|
0-0: Ball 1-0: Called Strike 1-1: Ball 2-1: Foul Ball, location: 2F 2-2: Ball 3-2: Strikes out swinging
|
Batting: RHB Víctor Arredondo
|
0-0: Called Strike 0-1: Ball 1-1: Ball 2-1: Called Strike Steve Bender steals 2nd base 2-2: Ball 3-2: SINGLE (Groundball, 56D) Steve Bender to third Runner from 3rd tries for Home, SAFE, no throw
|
Batting: RHB Sergio Pujols
|
0-0: Called Strike 0-1: Swinging Strike 0-2: Strikes out looking
|
Batting: LHB Benny Richard
|
0-0: Foul Ball, location: 2F 0-1: Swinging Strike 0-2: Ball 1-2: Ball 2-2: Ball 3-2: Strikes out swinging
|
Bottom of the 6th over - 1 run(s), 2 hit(s), 0 error(s), 1 left on base; Gresham 6 - Vancouver 2 |
TOP OF THE 7TH |
Gresham Gold Souls batting - Pitching for Vancouver Vipers : RHP Pedro Días
|
Batting: RHB Gabriel Miranda
|
0-0: Fly out, F8 (Flyball, 78D)
|
Batting: RHB Matt Davidson
|
0-0: Ball 1-0: Ball 2-0: Called Strike 2-1: Ball 3-1: Swinging Strike 3-2: Strikes out swinging
|
Batting: SHB Todd Smith
|
0-0: Called Strike 0-1: SINGLE (Line Drive, 89S)
|
Batting: RHB Brian Dixon
|
0-0: Ball 1-0: Ball 2-0: Ball 3-0: Called Strike 3-1: Foul Ball, location: 2F 3-2: Strikes out swinging
|
Top of the 7th over - 0 run(s), 1 hit(s), 0 error(s), 1 left on base; Gresham 6 - Vancouver 2 |
BOTTOM OF THE 7TH |
Vancouver Vipers batting - Pitching for Gresham Gold Souls : RHP Paul Miller
|
Batting: RHB Daniel Robert
|
0-0: Ground out 6-3 (Groundball, 6)
|
Batting: RHB Bill Little
|
0-0: Ball 1-0: Ball 2-0: Foul Ball, location: 2F 2-1: Called Strike 2-2: Ball 3-2: Ground out 6-3 (Groundball, 6)
|
Batting: LHB Brian Ford
|
0-0: Ball 1-0: Called Strike 1-1: Ball 2-1: Foul Ball, location: 2F 2-2: Foul Ball, location: 2F 2-2: Strikes out swinging
|
Bottom of the 7th over - 0 run(s), 0 hit(s), 0 error(s), 0 left on base; Gresham 6 - Vancouver 2 |
TOP OF THE 8TH |
Gresham Gold Souls batting - Pitching for Vancouver Vipers : RHP Pedro Días
|
Batting: RHB Gustavo Pagán
|
0-0: Swinging Strike 0-1: Fly out, F9 (Flyball, 9S)
|
Batting: LHB Bill Smith
|
0-0: Called Strike 0-1: Fly out, F4 (Line Drive, 4)
|
Batting: RHB Pablo Castillo
|
0-0: Called Strike 0-1: Ball 1-1: Ball 2-1: Swinging Strike 2-2: Foul Ball, location: 2F 2-2: Foul Ball, location: 2F 2-2: Ground out 6-3 (Groundball, 6M)
|
Top of the 8th over - 0 run(s), 0 hit(s), 0 error(s), 0 left on base; Gresham 6 - Vancouver 2 |
BOTTOM OF THE 8TH |
Vancouver Vipers batting - Pitching for Gresham Gold Souls : RHP Paul Miller
|
Batting: SHB Joey Boyd
|
0-0: Ball 1-0: Ball 2-0: Called Strike 2-1: Foul Ball, location: 2F 2-2: Ground out 6-3 (Groundball, 6)
|
Batting: RHB Steve Bender
|
0-0: Called Strike 0-1: Ground out 6-3 (Groundball, 6)
|
Batting: RHB David Canseco
|
0-0: Swinging Strike 0-1: Called Strike 0-2: Ball 1-2: Strikes out swinging
|
Bottom of the 8th over - 0 run(s), 0 hit(s), 0 error(s), 0 left on base; Gresham 6 - Vancouver 2 |
TOP OF THE 9TH |
Gresham Gold Souls batting - Pitching for Vancouver Vipers : RHP Pedro Días
|
Batting: RHB Peter Hensley
|
0-0: Ball 1-0: Foul Ball, location: 2F 1-1: Swinging Strike 1-2: Ball 2-2: Ground out 6-3 (Groundball, 6)
|
Pitching: RHP Ben Evans
|
|
Batting: RHB Mario Méndez
|
0-0: Ball 1-0: Called Strike 1-1: Fly out, F9 (Flyball, 9LM)
|
Batting: RHB Gabriel Miranda
|
0-0: Ball 1-0: Ground out 6-3 (Groundball, 6)
|
Top of the 9th over - 0 run(s), 0 hit(s), 0 error(s), 0 left on base; Gresham 6 - Vancouver 2 |
BOTTOM OF THE 9TH |
Vancouver Vipers batting - Pitching for Gresham Gold Souls : RHP Paul Miller
|
Batting: RHB Víctor Arredondo
|
0-0: Fly out, F7 (Flyball, 78XD)
|
Batting: RHB Sergio Pujols
|
0-0: Swinging Strike 0-1: Ball 1-1: SOLO HOME RUN (Flyball, 78XD), Distance : 401 ft
|
Pitching: RHP Jamal Clayton
|
|
Batting: LHB Benny Richard
|
0-0: Called Strike 0-1: Swinging Strike 0-2: Fly out, F9 (Flyball, 89M)
|
Batting: RHB Daniel Robert
|
0-0: Called Strike 0-1: Swinging Strike 0-2: SINGLE (Flyball, 7LM)
|
Pitching: RHP Eusébio Lagarto
|
|
Batting: RHB Bill Little
|
0-0: Foul Ball, location: 2F 0-1: Swinging Strike 0-2: Ball 1-2: Ball 2-2: Ball 3-2: Base on Balls Daniel Robert to second
|
Batting: LHB Brian Ford
|
0-0: Ball 1-0: Called Strike 1-1: Swinging Strike 1-2: Strikes out looking
|
Bottom of the 9th over - 1 run(s), 2 hit(s), 0 error(s), 2 left on base; Gresham 6 - Vancouver 3 |
|